 Dungeon Crawl Stone Soup version 0.29-a0-757-g358383bc75 (webtiles) character file.

Game seed: 5583330353523360914

40553 hquester1 the Protected (level 13, -1/122 HPs)
             Began as a Minotaur Fighter on June 30, 2022.
             Was the Champion of Okawaru.
             Slain by a starcursed mass (11 damage)
             ... on level 2 of the Abyss.
             The game lasted 00:50:23 (15717 turns).

hquester1 the Protected (Minotaur Fighter)         Turns: 15717, Time: 00:50:25

Health: -1/122     AC: 31    Str: 27    XL:     13   Next: 75%
Magic:  14/14      EV: 10    Int:  5    God:    Okawaru [******]
Gold:   1826       SH: 21    Dex: 15    Spells: 12/12 levels left

rFire   . . .      SeeInvis .   G - +6 flail (protect)
rCold   + . .      Faith    .   B - +3 tower shield {rPois}
rNeg    . . .      Spirit   .   r - +9 plate armour of Daisies {rC+}
rPois   +          Reflect  .   a - +2 hat
rElec   .          Harm     .   H - +0 cloak {rPois}
rCorr   .          Rampage  .   (no gloves)
Will    .....                   (no boots)
Stlth   ..........              u - amulet of the acrobat
HPRegen 0.30/turn               n - +4 ring of slaying
MPRegen 0.14/turn               v - +6 ring of strength

@: corroded, under a protective aura
A: horns 2, retaliatory headbutt
a: Renounce Religion, Heroism, Finesse, Duel


You were on level 2 of the Abyss.
You worshipped Okawaru.
Okawaru was exalted by your worship.
You visited 3 branches of the dungeon, and saw 18 of its levels.
You visited the Abyss 2 times.

You collected 1826 gold pieces.

Inventory:

Hand Weapons
 f - the +8 battleaxe "Rummage" {freeze, rCorr Str+5}
   (You took it off a deep elf knight on level 10 of the Dungeon)

   It freezes those it strikes, dealing additional cold damage.
   It can also slow down cold-blooded creatures.
   Str:       It affects your strength (+5).
   rCorr:     It protects you from acid and corrosion.
 s - a +4 war axe of freezing
 G - a +6 flail of protection (weapon)
Missiles
 q - a throwing net (quivered)
Armour
 a - a +2 hat (worn)
 r - the +9 plate armour of Daisies (worn) {rC+}
   (You acquired it on level 9 of the Dungeon)

   rC:        It protects you from cold.
 A - +0 steam dragon scales
 B - a +3 tower shield of poison resistance (worn)
 H - a +0 cloak of poison resistance (worn)
Jewellery
 i - a ring of flight
 n - a +4 ring of slaying (left hand)
 u - an amulet of the acrobat (around neck)
 v - a +6 ring of strength (right hand)
 J - a ring of willpower
Wands
 g - a wand of acid (5)
 o - a wand of iceblast (12)
 y - a wand of mindburst (43)
 E - a wand of polymorph (13)
 I - a wand of digging (4)
 N - a wand of flame (4)
Scrolls
 b - a scroll of poison
 c - a scroll of immolation
 l - 7 scrolls of teleportation
 m - a scroll of fog
 p - a scroll of fear
 x - 4 scrolls of amnesia
 z - 3 scrolls of magic mapping
 D - a scroll of torment
Potions
 d - 2 potions of might
 e - 2 potions of resistance
 h - 3 potions of brilliance
 j - 9 potions of curing
 k - 4 potions of flight
 t - 4 potions of haste
 w - 3 potions of mutation
 C - 3 potions of invisibility
 F - 2 potions of lignification
 L - a potion of magic


   Skills:
 + Level 13.1 Fighting
 + Level 12.8 Maces & Flails
 + Level 13.1 Armour
 + Level 11.6 Dodging
 + Level 13.1 Shields
 + Level 3.7 Invocations
 + Level 3.4 Evocations


You had 12 spell levels left.
You didn't know any spells.
Your spell library contained the following spells:

 Spells                   Type           Power      Damage    Failure   Level
 Apportation              Tloc           0%         N/A       100%        1
 Necrotize                Necr           0%         1d4       100%        1
 Blink                    Tloc           0%         N/A       100%        2
 Gell's Gravitas          Tloc           0%         N/A       100%        3
 Lesser Beckoning         Tloc           0%         N/A       100%        3
 Teleport Other           Tloc           0%         N/A       100%        3
 Cause Fear               Hex            0%         N/A       100%        4
 Fulminant Prism          Conj/Hex       0%         3d6       100%        4
 Hailstorm                Conj/Ice       0%         3d3       100%        4
 Ice Form                 Ice/Tmut       0%         N/A       100%        4
 Iskenderun's Mystic Bla  Conj/Tloc      0%         2d3       100%        4
 Iskenderun's Battlesphe  Conj           0%         2d6       100%        5
 Lee's Rapid Deconstruct  Erth           0%         3d5*      100%        5
 Manifold Assault         Tloc           0%         N/A       100%        5
 Eringya's Noxious Bog    Tmut/Pois      0%         N/A       100%        6
 Iron Shot                Conj/Erth      0%         9d1       100%        6
 Dragon Form              Tmut           0%         N/A       100%        7
 Summon Small Mammal      Summ           Unusable   N/A       N/A         1
 Summon Forest            Summ/Tloc      Unusable   N/A       N/A         5
 Simulacrum               Ice/Necr       Unusable   N/A       N/A         6
 Spellforged Servitor     Conj/Summ      Unusable   N/A       N/A         7
 Summon Hydra             Summ           Unusable   N/A       N/A         7
 Dragon's Call            Summ           Unusable   N/A       N/A         9

Dungeon Overview and Level Annotations

Branches:
Dungeon (13/15)            Temple (1/1) D:7            Lair (4/6) D:8
    Orc (0/2) D:10
  Swamp: Lair:2-4    Shoals: Lair:2-4     Snake: Lair:2-4    Spider: Lair:2-4
 Vaults: D:13-14

Altars:
Ashenzari
Cheibriados
Dithmenos
Elyvilon
Fedhas
Gozag
Hepliaklqana
Kikubaaqudgha
Makhleb
Nemelex Xobeh
Okawaru
Qazlal
Ru
Sif Muna
Trog
Uskayaw
Vehumet
Wu Jian
Xom
Yredelemnul
Zin
The Shining One

Portals:
Trove: D:13 (give +7 demon whip)

Annotations:
Lair:2 Sonja


Innate Abilities, Weirdness & Mutations

You have a pair of horns on your head.
You reflexively headbutt those who attack you in melee.


Message History

You block the starcursed mass's attack.
You thump the starcursed mass! You headbutt the starcursed mass!
The starcursed mass is severely damaged.
The starcursed mass shudders and is absorbed by its neighbour.
A starcursed mass splits.
You hit the starcursed mass. You headbutt the starcursed mass.
You destroy the starcursed mass!
Okawaru accepts your kill. A chorus of shrieks assaults your mind.
You bludgeon the starcursed mass!!
You destroy the starcursed mass!
Okawaru accepts your kill.
You bludgeon the starcursed mass!!
You destroy the starcursed mass!
Okawaru accepts your kill. The yellow draconian spits acid at you.
The glob of acid hits you! The acid corrodes you!
A chorus of shrieks assaults your mind.
You feel better. A chorus of shrieks assaults your mind.
You bludgeon the yellow draconian!!
The yellow draconian is moderately wounded.
You block the yellow draconian's attack.
A chorus of shrieks assaults your mind.
The starcursed mass touches you but does no damage.
You hit the yellow draconian but do no damage.
The yellow draconian is lightly wounded.
The yellow draconian spits acid at you. The glob of acid hits you!!
* * * LOW HITPOINT WARNING * * *
A chorus of shrieks assaults your mind.
* * * LOW HITPOINT WARNING * * *
The starcursed mass misses you.
As you read the scroll of fear, it crumbles to dust.
You assume a fearsome visage.
The yellow draconian looks frightened!
The starcursed mass is unaffected. x3
A chorus of shrieks assaults your mind.
* * * LOW HITPOINT WARNING * * *
The starcursed mass touches you!
You die...

..... # .
#. .. . #
.#
..##..#.. #
#.#.### ..
#. # .##
... .# . ..
.# ..# # #
#..#..#
..#.# #
#..#......#
. #@####
##...# .
#d.#X# ...
. .#..#.
#X# . . #.X
## .#.
...... #. X
# . .. . .
# .... _.
.. . . . .
. . . . ..
. . # # . .


You could see 3 starcursed masses and a yellow draconian (fleeing, catching
breath).

Vanquished Creatures
  A tentacled starspawn (Abyss:2)
  A very ugly thing (Abyss:2)
  Harold (D:11)
  Erolcha (D:12)
  2 hydras
  2 boulder beetles
  A centaur warrior (D:13)
  5 two-headed ogres
  Erica (D:8)
  A deep elf knight (D:10)
  A wretched star (Abyss:2)
  A sixfirhy (Abyss:2)
  Pikel (D:6)
  3 deep elf pyromancers
  An anaconda skeleton (Abyss:2)
  A worldbinder (Abyss:2)
  2 ugly things
  A manticore (D:13)
  2 cyclopes (D:11)
  Joseph (D:8)
  Maurice (D:12)
  2 black mambas (Lair:2)
  3 smoke demons (Abyss:2)
  2 cane toads (Lair:1)
  3 gargoyles
  2 rime drakes (Lair:1)
  5 kobold demonologists
  An unseen horror (D:10)
  An efreet (Abyss:2)
  A komodo dragon (Lair:2)
  An ancient zyme (Abyss:2)
  5 blink frogs (Lair:2)
  6 trolls
  Prince Ribbit (D:5)
  3 slime creatures (D:13)
  7 raiju (Abyss:2)
  4 large abominations (Abyss:2)
  A shadow (D:12)
  4 wraiths
  4 starcursed masses (Abyss:2)
  25 yaks
  4 steam dragons
  Eustachio (D:6)
  3 basilisks
  7 wyverns
  Edmund (D:5)
  Grum (D:8)
  3 vampire mosquitoes (D:10)
  Duvessa (D:5)
  8 water moccasins
  A swamp drake (D:10)
  2 black bears
  3 orc warriors (D:10)
  A sky beast (D:5)
  5 ogres
  2 centaurs
  9 wolves
  The ghost of xian the Charlatan, an amateur DsWn (D:3)
  A phantom (D:6)
  A lemure (D:6)
  3 kobold brigands
  2 necrophages
  9 bullfrogs
  2 scorpions
  A gnoll sergeant (D:8)
  3 small abominations (Abyss:2)
  Dowan (D:5)
  8 wights (D:8)
  9 killer bees
  6 howler monkeys
  2 hounds
  A quasit (Abyss:2)
  9 orc priests
  A water moccasin simulacrum (D:3)
  A gnoll shaman (D:7)
  An iron imp (Abyss:2)
  7 iguanas
  5 orc wizards
  9 gnolls
  10 adders
  2 hound simulacra (D:3)
  2 shadow imps
  2 white imps
  2 ufetubi
  A worm (D:3)
  3 dart slugs
  29 orcs
  9 bats
  11 endoplasms
  4 giant cockroaches
  5 goblins
  2 hobgoblins
  7 jackals
  12 kobolds
  3 quokkas (D:3)
  8 ball pythons
  2 frilled lizards
  A quokka simulacrum (D:3)
  8 rats
370 creatures vanquished.

Vanquished Creatures (others)
  A salamander (shapeshifter) (D:13)
  6 fungi
  11 plants
  4 starspawn tentacles (Abyss:2)
22 creatures vanquished.

Grand Total: 392 creatures vanquished

Notes
Turn   | Place    | Note
-------+----------+-------------------------------------------
     0 | D:1      | hquester1 the Minotaur Fighter began the quest for the Orb.
     0 | D:1      | Reached XP level 1. HP: 19/19 MP: 0/0
   189 | D:1      | Reached XP level 2. HP: 27/27 MP: 1/1
   476 | D:1      | Reached XP level 3. HP: 33/33 MP: 2/2
   643 | D:1      | Reached skill level 1 in Dodging
  1209 | D:2      | Reached XP level 4. HP: 40/40 MP: 3/3
  1310 | D:2      | Found a faded altar of an unknown god.
  1902 | D:3      | Found a runed translucent gate.
  1902 | D:3      | Found a runed translucent gate.
  1903 | D:3      | Found a runed translucent gate.
  1911 | D:3      | Reached XP level 5. HP: 42/47 MP: 4/4
  2012 | D:3      | Noticed xian's ghost (amateur DsWn)
  2280 | D:3      | Killed xian's ghost
  2284 | D:3      | Reached XP level 6. HP: 37/55 MP: 5/5
  2490 | D:4      | Reached skill level 5 in Fighting
  2541 | D:4      | Noticed a steam dragon
  2551 | D:4      | Killed a steam dragon
  2552 | D:4      | Reached skill level 5 in Armour
  2552 | D:4      | Reached skill level 5 in Shields
  2790 | D:4      | Found a shimmering altar of Xom.
  2927 | D:4      | Reached XP level 7. HP: 55/61 MP: 6/6
  3465 | D:5      | Entered Level 5 of the Dungeon
  3491 | D:5      | Noticed Duvessa
  3492 | D:5      | Noticed Dowan
  3493 | D:5      | Noticed Prince Ribbit
  3503 | D:5      | Killed Duvessa
  3508 | D:5      | Killed Dowan
  3509 | D:5      | Reached skill level 5 in Maces & Flails
  3510 | D:5      | Killed Prince Ribbit
  3638 | D:5      | Reached XP level 8. HP: 58/70 MP: 7/7
  3940 | D:5      | Noticed Edmund
  3952 | D:5      | Killed Edmund
  4230 | D:5      | Reached skill level 5 in Dodging
  4836 | D:6      | Noticed Eustachio
  4841 | D:6      | Killed Eustachio
  4853 | D:6      | Noticed Pikel
  4864 | D:6      | Killed Pikel
  4865 | D:6      | Reached XP level 9. HP: 63/79 MP: 8/8
  4872 | D:6      | Noticed a troll
  4880 | D:6      | Killed a troll
  5269 | D:6      | Found a basalt altar of Yredelemnul.
  5843 | D:7      | Found a radiant altar of Vehumet.
  5948 | D:7      | Found a staircase to the Ecumenical Temple.
  5957 | Temple   | Entered the Ecumenical Temple
  6011 | Temple   | Became a worshipper of Warmaster Okawaru
  6884 | D:8      | Reached * piety under Okawaru
  6939 | D:8      | Reached XP level 10. HP: 78/90 MP: 9/9
  6940 | D:8      | Noticed Erica
  6954 | D:8      | Killed Erica
  7105 | D:8      | Noticed Joseph
  7117 | D:8      | Killed Joseph
  7261 | D:8      | Reached ** piety under Okawaru
  7311 | D:8      | Found a staircase to the Lair.
  7513 | D:8      | Noticed Grum
  7517 | D:8      | Killed Grum
  7517 | D:8      | Reached *** piety under Okawaru
  7577 | D:8      | Noticed a two-headed ogre
  7587 | D:8      | Killed a two-headed ogre
  8161 | D:8      | Reached XP level 11. HP: 99/99 MP: 10/10
  8699 | D:9      | Reached skill level 10 in Armour
  8841 | D:9      | Found a snail-covered altar of Cheibriados.
  8899 | D:9      | Reached skill level 10 in Fighting
  8910 | D:9      | Identified 2 scrolls of acquirement
  8910 | D:9      | Acquired the +9 plate armour of Daisies {rC+}
  8923 | D:9      | Acquired 607 gold pieces
  8953 | D:9      | Reached skill level 10 in Shields
  9278 | D:10     | Entered Level 10 of the Dungeon
  9709 | D:10     | Reached **** piety under Okawaru
  9734 | D:10     | Found a staircase to the Orcish Mines.
  9884 | D:10     | Reached skill level 10 in Maces & Flails
 10196 | D:10     | Identified the +8 battleaxe "Rummage" {freeze, rCorr Str+5}
 10196 | D:10     | Noticed a deep elf knight
 10202 | D:10     | Killed a deep elf knight
 10202 | D:10     | Reached ***** piety under Okawaru
 10451 | D:10     | Found an ancient bone altar of Kikubaaqudgha.
 10460 | D:10     | Found a sparkling altar of Nemelex Xobeh.
 10632 | D:11     | Received a gift from Okawaru
 10867 | D:12     | Noticed a deep elf pyromancer
 10877 | D:12     | Killed a deep elf pyromancer
 11328 | D:11     | Noticed Harold
 11340 | D:11     | Killed Harold
 11448 | D:11     | Reached XP level 12. HP: 110/110 MP: 11/11
 11716 | D:12     | Noticed Maurice
 11741 | D:12     | Killed Maurice
 11838 | D:12     | Noticed a four-headed hydra
 11843 | D:12     | Killed a four-headed hydra
 11844 | D:12     | Reached skill level 10 in Dodging
 11899 | D:12     | Noticed Erolcha
 11906 | D:12     | Noticed a boulder beetle
 11929 | D:12     | Killed a boulder beetle
 11930 | Abyss:2  | Found a corrupted altar of Lugonu.
 11930 | Abyss:2  | Cast into level 2 of the Abyss (Erolcha)
 12198 | Abyss:2  | Noticed a tentacled starspawn
 12225 | Abyss:2  | Killed a tentacled starspawn
 12225 | Abyss:2  | Reached ****** piety under Okawaru
 12548 | Abyss:2  | Noticed a tentacled starspawn
 12559 | D:12     | Escaped the Abyss
 12567 | D:12     | Killed Erolcha
 12567 | D:12     | Received a gift from Okawaru
 13234 | D:13     | Found a portal to a secret trove of treasure.
 13236 | D:13     | Noticed an eight-headed hydra
 13243 | D:13     | Killed an eight-headed hydra
 13252 | D:13     | Noticed a boulder beetle
 13266 | D:13     | Killed a boulder beetle
 13488 | D:13     | Reached skill level 1 in Invocations
 13489 | D:13     | Reached skill level 1 in Evocations
 13574 | D:13     | Noticed a two-headed ogre
 13582 | D:13     | Reached XP level 13. HP: 119/119 MP: 12/12
 13672 | D:13     | Received a gift from Okawaru
 13889 | D:13     | Paralysed by something for 3 turns
 14049 | Lair:1   | Entered Level 1 of the Lair of Beasts
 15330 | Lair:2   | You fall into a shaft and drop 2 floors!
 15468 | Lair:2   | Noticed Sonja
 15488 | Abyss:2  | Cast into level 2 of the Abyss (Sonja)
 15510 | Abyss:2  | Noticed a cyan very ugly thing
 15534 | Abyss:2  | Killed a cyan very ugly thing
 15576 | Abyss:2  | Found a corrupted altar of Lugonu.
 15665 | Abyss:2  | Noticed a daeva
 15690 | Abyss:2  | Noticed a starcursed mass
 15701 | Abyss:2  | Found a corrupted altar of Lugonu.
 15708 | Abyss:2  | Noticed a yellow draconian
 15717 | Abyss:2  | Slain by a starcursed mass

Illustrated notes

Levels and vault maps discovered:
D:1:      tarquinn_simple_flora_water_c, layout_loops_ring,
          chequers_serial_rivers_micro_d
D:2:      layout_basic, chequers_ecumenical_altar_simple
D:3:      minmay_evil_eye, layout_basic, gammafunk_ghost_icy
D:4:      layout_basic, lemuel_round_altar
D:5:      layout_basic, uniq_prince_ribbit1, uniq_duvessa, uniq_edmund
D:6:      layout_basic, kennysheep_mini, uniq_eustachio, uniq_pikel
D:7:      layout_gridville, amcnicky_altar_gilded, minmay_temple_entry_tees,
          serial_co_window_serial, co_window_paths_a, co_window_paths_b,
          co_window_corner_a, co_window_of_opportunity_a, co_window_paths_b,
          co_window_corner_b, co_window_broadway_a, co_window_corner_ca,
          co_window_4corner_b, co_window_4corner_a, glass_columns_a,
          glass_columns_a, glass_columns_c, glass_columns_a, minivault_10
D:8:      layout_layer_cave, minmay_lair_entry_grove, uniq_erica, uniq_joseph,
          uniq_grum
D:9:      layout_roguey, kennysheep_mini_moat
D:10:     layout_cave_pools, mainiacjoe_overflow_swirl, erik_orc_1,
          grunt_ministairs_1, dk_vineyard_1, grunt_decor_mini_mirrors,
          minmay_misc_feat_square, kennysheep_just_a_vault
D:11:     layout_basic, uniq_harold
D:12:     layout_basic, uniq_erolcha, uniq_maurice
D:13:     layout_gridville, david_vaults_5, enter_trove_0
Temple:   nicolae_temple_x_marks_the_god
Lair:1:   layout_hall_layers, grunt_megastairs_1, infiniplex_staircase_pool_2
Lair:2:   layout_chaotic_city, grunt_megastairs_4, uniq_sonja, uniq_fannar
Lair:3:   layout_hall_layers, serial_rivers, chequers_serial_rivers_micro_e,
          chequers_serial_rivers_room_b, chequers_serial_rivers_small_b,
          chequers_serial_rivers_small_a, st_stairs_3, pond
Lair:4:   layout_concentric_octagons, elwin_shoals_entry_stream,
          guppyfry_snake_entry_garden
Abyss:2:  base: D:2, hangedman_abyss_exit_choices, minivault_1, base:
D:4

Skill      XL: |  1  2  3  4  5  6  7  8  9 10 11 12 13 |
---------------+----------------------------------------+-----
Fighting       | 4 5 6 7 8 9 11 12 13 | 13.1
Shields        | 4 5 6 7 8 9 11 12 13 | 13.1
Armour         | 4 5 6 7 8 9 11 12 13 | 13.1
Maces & Flails | 3 4 5 6 8 9 10 12 | 12.8
Dodging        | 1 2 3 4 5 6 8 9 10 11 | 11.6
Invocations    | 1 3 |  3.7
Evocations     | 1 3 |  3.4

Action                   |  1- 3 |  4- 6 |  7- 9 | 10-12 | 13-15 || total
-------------------------+-------+-------+-------+-------+-------++-------
Melee: Flail             |    69 |    62 |   109 |   486 |   259 ||   985
       Headbutt          |     8 |    18 |    44 |   114 |    79 ||   263
       Dagger            |       |    55 |    75 |       |       ||   130
  Use: Scroll            |       |     1 |    13 |    12 |     7 ||    33
       Potion            |       |       |     1 |     5 |     2 ||     8
 Stab: Sleeping          |       |     1 |       |       |       ||     1
Armor: Scale mail        |    30 |    44 |       |       |       ||    74
       Steam dragon scal |       |     6 |    17 |       |       ||    23
       Chain mail        |       |       |    42 |    28 |       ||    70
       Plate armour      |       |       |       |   200 |   107 ||   307
Dodge: Dodged            |    28 |    57 |   106 |   226 |    82 ||   499
Block: Buckler           |    16 |    22 |    61 |   138 |     4 ||   241
       Tower shield      |       |       |       |       |   216 ||   216

Table legend: (Time is in decaauts)
 A = Elapsed time spent in this place.
 B = Non-inter-level travel time spent in this place.
 C = Inter-level travel time spent in this place.
 D = Time resting spent in this place.
 E = Time spent auto-exploring this place.
 F = Levels seen in this place.
 G = Mean time per level.
                   A        B        C        D        E       F      G
               +--------+--------+--------+--------+--------+-----+--------+
         Total |  15759 |  15271 |    488 |   1851 |  10221 |  20 |  788.0 |
       Dungeon |  13401 |  12948 |    453 |   1141 |   9235 |  13 | 1030.8 |
        Temple |     62 |     54 |      8 |      0 |     48 |   1 |   62.0 |
          Lair |   1449 |   1422 |     27 |    150 |    938 |   4 |  362.2 |
         Abyss |    845 |    845 |      0 |    559 |      0 |   2 |  422.5 |
               +--------+--------+--------+--------+--------+-----+--------+

Top non-repeatable levels by time:
     D:8: 1743 daAuts
    D:10: 1330 daAuts
     D:5: 1275 daAuts
     D:7: 1164 daAuts
  Lair:1: 1143 daAuts
    D:12: 1097 daAuts
     D:4: 1028 daAuts
     D:3: 1010 daAuts
     D:1: 941 daAuts
     D:6: 891 daAuts
    D:11: 864 daAuts
 Abyss:2: 845 daAuts
    D:13: 785 daAuts
     D:9: 746 daAuts
     D:2: 523 daAuts
